 Dungeon Crawl Stone Soup version 0.23-a0-315-ga85b81c (webtiles) character file.

114 Garbasso the Shield-Bearer (level 4, -1/29 HPs)
             Began as a Gargoyle Fighter on Oct 13, 2018.
             Slain by a centaur (6 damage)
             ... on level 2 of the Dungeon.
             The game lasted 00:03:47 (1253 turns).

Garbasso the Shield-Bearer (Gargoyle Fighter)       Turns: 1253, Time: 00:03:47

Health: -1/29      AC: 13    Str: 19    XL:     4   Next: 97%
Magic:  4/4        EV:  5    Int: 10    God:
Gold:   91         SH:  9    Dex:  9    Spells: 3/3 levels left

rFire    . . .     SeeInvis .   r - +0 morningstar
rCold    . . .     Gourm    .   c - +0 shield
rNeg     + . .     Faith    .   i - +0 chain mail
rPois    ∞         Spirit   .   (no helmet)
rElec    +         Reflect  .   (no cloak)
rCorr    .         Harm     .   (no gloves)
MR       .....                  (no boots)
Stlth    ..........             (no amulet)
HPRegen  0.09/turn              (no ring)
MPRegen  0.09/turn              (no ring)

@: no status effects
A: negative energy resistance 1, electricity resistance, unbreathing,
petrification resistance, rot immunity, AC +3
a: no special abilities


You were on level 2 of the Dungeon.
You were hungry.

You visited 1 branch of the dungeon, and saw 2 of its levels.

You collected 91 gold pieces.

Inventory:

Hand Weapons
 k - a +0 hunting sling
 r - a +0 morningstar (weapon)
Missiles
 g - 51 stones (quivered)
 n - 2 javelins
Armour
 c - a +0 shield (worn)
 i - a +0 chain mail (worn)
Scrolls
 a - a scroll of enchant armour {unknown}
 b - a scroll of magic mapping {unknown}
 e - 7 scrolls of identify {unknown}
 h - a scroll of teleportation {unknown}
 l - a scroll of remove curse {unknown}
 m - a scroll of enchant weapon {unknown}
 o - 3 scrolls of fear {unknown}
Potions
 d - a potion of might
 j - 2 potions of haste {unknown}
 q - 2 potions of cancellation {unknown}
Comestibles
 f - 2 rations
 p - 2 chunks of flesh


   Skills:
 + Level 4.0 Fighting
 * Level 3.4 Maces & Flails
 + Level 3.9 Armour
 + Level 4.0 Shields


You had 3 spell levels left.
You didn't know any spells.
Your spell library was empty.

Dungeon Overview and Level Annotations

Branches:
Dungeon (2/15)

Altars:


Innate Abilities, Weirdness & Mutations

You are resistant to torment.
Your stone body is resilient. (AC +3)
You are immune to poison.
You resist negative energy. (rN+)
You are resistant to electric shocks. (rElec)
You can survive without breathing.
You are immune to petrification.
You are immune to rotting.


Message History

The centaur is almost dead.
You block the centaur's attack. You block the rat's attack.
The centaur hits you but does no damage.
The rat bites you but does no damage.
You hit the centaur but do no damage.
The centaur is almost dead.
You block the centaur's attack.
The centaur hits you but does no damage.
The rat bites you but does no damage.
The centaur hits you but does no damage.
You completely miss the centaur.
The centaur is almost dead.
The centaur hits you.
* * * LOW HITPOINT WARNING * * *
You block the rat's attack.
The centaur hits you but does no damage.
Your shield prevents you from hitting the centaur.
The centaur is almost dead.
The rat bites you but does no damage. The centaur hits you.
You die...

#............# #..#
#.......###### #..#
###...........#####...
#.............+.......
#.............##......
#.............##......
######(.......##......
#....(####..)....#....
+.^.(@'...............
#...rc#...###....##...
#.....#.....#....#....
......... ..$.#....#....
...(...#.......#....#....
.......#...#...#....#....
.(.....#...#...#....#....
(......#...# #....#.###
#....#.#


You could see a centaur and a rat.

Vanquished Creatures
  An orc wizard (D:2)
  3 adders (D:2)
  A gnoll (D:1)
  A worm (D:2)
  2 dart slugs
  3 leopard geckos
  5 orcs
  A giant cockroach (D:2)
  7 hobgoblins
  3 kobolds
  A ball python (D:1)
  A bat (D:2)
  A frilled lizard (D:2)
  2 goblins (D:1)
  7 rats
39 creatures vanquished.

Notes
Turn   | Place    | Note
-------+----------+-------------------------------------------
     0 | D:1      | Garbasso the Gargoyle Fighter began the quest for the Orb.
     0 | D:1      | Reached XP level 1. HP: 14/14 MP: 1/1
    92 | D:1      | Reached XP level 2. HP: 19/19 MP: 2/2
   354 | D:1      | Reached XP level 3. HP: 23/23 MP: 3/3
   898 | D:2      | Reached XP level 4. HP: 29/29 MP: 4/4
  1217 | D:2      | Noticed a centaur
  1253 | D:2      | Slain by a centaur

Vault maps used:
D:1:      lightli_arrival_maybe_door_vault

Skill      XL: |  1  2  3  4 |
---------------+-------------+-----
Maces & Flails | 3 |  3.4
Shields        | 4 |  4.0
Fighting       | 4 |  4.0
Armour         | |  3.9

Action                   |  1- 3 |  4- 6 || total
-------------------------+-------+-------++-------
Melee: Flail             |    92 |       ||    92
       Morningstar       |     7 |    77 ||    84
Throw: Stone             |     8 |    12 ||    20
  Eat: Chunk             |       |     1 ||     1
Armor: Scale mail        |    10 |       ||    10
       Chain mail        |    40 |    71 ||   111
Dodge: Dodged            |    22 |    21 ||    43
Block: Shield            |    55 |    49 ||   104

Table legend:
 A = Non-vault XP
 B = Vault XP
 C = Vault XP percentage of total XP
 D = Non-vault monster count
 E = Vault monster count
 F = Vault count percentage of total count
                 A         B        C        D         E       F
            +---------+---------+-------+---------+---------+-------
      Total |     163 |       0 |   0.0 |      39 |       0 |   0.0
            +---------+---------+-------+---------+---------+-------
        D:1 |      40 |       0 |   0.0 |      14 |       0 |   0.0
        D:2 |     123 |       0 |   0.0 |      25 |       0 |   0.0
            +---------+---------+-------+---------+---------+-------
